 Seeded DCSS version 0.24.0 (webtiles) character file.

Game seed: 9464105340762402747, levelgen mode: deterministic

203 Auros the Destroyer (level 5, -17/38 HPs)
             Began as a Draconian Conjurer on Apr 12, 2020.
             Blown up by Ijyb (24 damage)
             ... with a disintegration bolt
             ... on level 3 of the Dungeon.
             The game lasted 00:09:41 (2862 turns).

Auros the Destroyer (Draconian Conjurer)            Turns: 2862, Time: 00:09:41

Health: -17/38     AC:  6    Str: 10    XL:     5   Next: 51%
Magic:  1/8        EV: 12    Int: 17    God:
Gold:   95         SH:  0    Dex: 11    Spells: 3/8 levels left

rFire    . . .     SeeInvis .   u - +2 whip (vamp)
rCold    . . .     Gourm    .   (no shield)
rNeg     . . .     Faith    .   (armour unavailable)
rPois    .         Spirit   .   (helmet restricted)
rElec    .         Reflect  .   (no cloak)
rCorr    .         Harm     .   f - +0 pair of gloves
MR       .....                  (no boots)
Stlth    ++........             (no amulet)
HPRegen  0.12/turn              (no ring)
MPRegen  0.11/turn              (no ring)

@: no status effects
A: unfitting armour, cold-blooded, AC +5
a: no special abilities


You were on level 3 of the Dungeon.
You were very hungry.

You visited 1 branch of the dungeon, and saw 3 of its levels.

You collected 95 gold pieces.

Inventory:

Hand Weapons
 e - a +0 hunting sling
 j - a +0 dagger
 u - a +2 vampiric whip (weapon)
Missiles
 b - 22 arrows
 g - 4 javelins
 m - 22 sling bullets
 p - 25 bolts
 v - 6 silver javelins
 Z - 93 stones (quivered)
Armour
 f - a +0 pair of gloves (worn)
Jewellery
 r - an uncursed ring of poison resistance
Scrolls
 a - a scroll of fog {unknown}
 c - a scroll of remove curse {unknown}
 d - 2 scrolls of immolation {unknown}
 h - 4 scrolls of identify {unknown}
 k - a scroll of magic mapping {unknown}
 l - a scroll of fear {unknown}
Potions
 i - 3 potions of curing {unknown}
 n - a potion of agility {unknown}
 o - a potion of degeneration {unknown}
 q - a potion of flight {unknown}
 s - 2 potions of cancellation {unknown}
Comestibles
 z - 4 rations


   Skills:
 - Level 1.7 Dodging
 - Level 1.7 Stealth
 - Level 2.0 Spellcasting
 + Level 11.7 Conjurations


You had 3 spell levels left.
You knew the following spells:

 Your Spells              Type           Power        Failure   Level  Hunger
a - Magic Dart            Conj           ####         1%          1    #......
b - Iskenderun's Mystic   Conj           #####...     1%          4    #####..

Your spell library contained the following spells:

 Spells                   Type           Power        Failure   Level  Hunger
 Searing Ray              Conj           #####.       1%          2    ###....
 Dazzling Spray           Conj/Hex       ###...       5%          3    ###....
 Force Lance              Conj/Tloc      ###.....     17%         4    #####..
 Fulminant Prism          Conj/Hex       ###.......   17%         4    #####..


Dungeon Overview and Level Annotations

Branches:
Dungeon (3/15)

Altars:
Ashenzari
Nemelex Xobeh
Uskayaw

Annotations:
D:3 Ijyb


Innate Abilities, Weirdness & Mutations

Your plain brown scales are hard. (AC +5)
You cannot fit into any form of body armour.
You are cold-blooded and may be slowed by cold attacks.


Message History

Ijyb is severely wounded.
Ijyb misses you.
Casting: Magic Dart (safe; 1% risk of failure)
Confirm with . or Enter, or press ? or * to list all spells.
Aiming: Magic Dart (safe; 1% risk of failure)
Press: ? - help, Shift-Dir - straight line, f/p - Ijyb
Aim: Ijyb, wielding a -2 dagger, wearing a +1 leather armour of positive energy and carrying a wand of disintegration (11) (severely wounded)
The magic dart hits Ijyb.
Ijyb is severely wounded.
The giant cockroach barely misses you.
Ijyb zaps a wand.
You are blasted!
* * * LOW HITPOINT WARNING * * *
Casting: Magic Dart (safe; 1% risk of failure)
Confirm with . or Enter, or press ? or * to list all spells.
You don't have enough magic to cast that spell.
Unknown command.
The giant cockroach barely misses you.
There is a stone staircase leading up here.
The giant cockroach barely misses you.
Ijyb zaps a wand.
You are blasted!
Ouch! That really hurt!
You die...

##....#..
#.......
########.....#
#.........$.#
#...........###.
#...............
#.....g.########
#.....s.#
#....@..#
#.......#
#.......#
#.......#
#.).....#
#########


You could see Ijyb and a giant cockroach.

Vanquished Creatures
  Robin (D:2)
  4 gnolls (D:2)
  2 adders (D:2)
  2 oozes (D:2)
  A dart slug (D:1)
  3 leopard geckos
  4 orcs
  5 bats
  2 giant cockroaches (D:2)
  14 goblins
  7 hobgoblins
  6 jackals
  4 frilled lizards (D:1)
  7 kobolds
  7 rats
69 creatures vanquished.

Notes
Turn   | Place    | Note
-------+----------+-------------------------------------------
     0 | D:1      | Auros the Draconian Conjurer began the quest for the Orb.
     0 | D:1      | Reached XP level 1. HP: 14/14 MP: 3/3
   180 | D:1      | Reached skill level 8 in Conjurations
   180 | D:1      | Reached XP level 2. HP: 20/20 MP: 5/5
   181 | D:1      | Reached skill level 11 in Conjurations
   181 | D:1      | Reached XP level 3. HP: 26/26 MP: 6/6
   529 | D:1      | Reached XP level 4. HP: 33/33 MP: 4/7
   535 | D:1      | Learned a level 4 spell: Iskenderun's Mystic Blast
   576 | D:2      | Noticed Robin
  1375 | D:2      | Found a hide-covered altar of Uskayaw.
  1774 | D:2      | Found a shattered altar of Ashenzari.
  1878 | D:2      | Killed Robin
  1888 | D:2      | Reached XP level 5. HP: 19/38 MP: 1/8
  2822 | D:2      | Found a sparkling altar of Nemelex Xobeh.
  2851 | D:3      | Noticed Ijyb
  2862 | D:3      | Blown up by Ijyb

Levels and vault maps discovered:
D:1:      onia_arrival_mini_maze, layout_basic
D:2:      layout_basic, eat_drink_and_be_merry_uskayaw, nemelex_altar_shiori,
          ashenzari_altar_1, first_ration, uniq_robin
D:3:      layout_rooms, uniq_ijyb, uniq_sigmund, uniq_natasha
